 Dungeon Crawl Stone Soup version 0.29-a0-275-g389c0b56f3 (webtiles) character file.

Game seed: 13954058716770438068

217 kae the Insei (level 5, -2/41 HPs)
             Began as a Draconian Transmuter on Mar 11, 2022.
             Slain by Ijyb
             ... wielding a +0 dagger
              (3 damage)
             ... on level 3 of the Dungeon.
             The game lasted 00:03:12 (3408 turns).

kae the Insei (Draconian Transmuter)                Turns: 3408, Time: 00:03:13

Health: -2/41      AC: -2    Str: 10 (12) XL:     5   Next: 61%
Magic:  2/8        EV: 19    Int: 13 (15) God:
Gold:   104        SH:  0    Dex: 16 (17) Spells: 5/9 levels left

rFire   . . .      SeeInvis .     - Unarmed
rCold   . . .      Faith    .   (shield currently unavailable)
rNeg    . . .      Spirit   .   (body armour unavailable)
rPois   x          Reflect  .   (helmet currently unavailable)
rElec   .          Harm     .   (cloak currently unavailable)
rCorr   .          Rampage  .   (gloves currently unavailable)
Will    .....      Clarity  +   (boots currently unavailable)
Stlth   +.........              (no amulet)
HPRegen 0.13/turn               (no ring)
MPRegen 0.11/turn               (no ring)

@: spider-form (expiring), corroded, very slightly contaminated, invisible
A: venomous fangs, AC +5, tiny, unfitting armour, (cold-blooded), (hooves 1),
clarity, MP-powered wands
a: End Transformation


You were on level 3 of the Dungeon.
You were a venomous arachnid creature.
You visited 1 branch of the dungeon, and saw 3 of its levels.

You collected 104 gold pieces.

Inventory:

Jewellery
 b - a ring of protection from cold
 k - a ring of flight
Scrolls
 a - a scroll of noise {unknown}
 c - a scroll of teleportation
 d - 2 scrolls of identify
 e - 2 scrolls of fog
 g - a scroll of torment {unknown}
Potions
 f - a potion of invisibility


   Skills:
 + Level 2.1 Fighting
 + Level 2.5 Dodging
 * Level 4.1 Unarmed Combat
 + Level 2.5 Spellcasting
 * Level 3.2 Transmutations
 - Level 2.0 Poison Magic


You had 5 spell levels left.
You knew the following spells:

 Your Spells              Type           Power      Damage    Failure   Level
a - Beastly Appendage     Tmut           20%        N/A       17%         1
b - Spider Form           Tmut/Pois      8%         N/A       45%         3

Your spell library contained the following spells:

 Spells                   Type           Power      Damage    Failure   Level
 Wereblood                Tmut           10%        N/A       24%         2
 Call Canine Familiar     Summ           1%         N/A       78%         3
 Portal Projectile        Hex/Tloc       2%         N/A       78%         3
 Ice Form                 Ice/Tmut       5%         N/A       90%         4
 Leda's Liquefaction      Hex/Erth       0%         N/A       98%         4


Dungeon Overview and Level Annotations

Branches:
Dungeon (3/15)

Altars:

Annotations:
D:2 exclusion: door
D:3 Ijyb


Innate Abilities, Weirdness & Mutations

You are a venomous arachnid creature.
You have poisonous fangs.
You are tiny and dextrous.
Your spellcasting is less reliable in this form.
Your armour is entirely melded.
You are incapable of wielding weapons or throwing items.
((Your plain brown scales are hard. (AC +5)))
You cannot fit into any form of body armour.
((You are cold-blooded and may be slowed by cold attacks.))
((You have large cloven feet.))
You possess an exceptional clarity of mind.
You expend magic power (3 MP) to strengthen your wands.


Message History

Ijyb is nearby!
An adder comes into view.
Casting: Beastly Appendage (safe; 6% risk of failure)
Confirm with . or Enter, or press ? or * to list all spells.
The spell is quite dangerous to miscast (24% risk of failure)!
Continue anyway? [Y]es or [N]o only, please.
The spell is quite dangerous to miscast (24% risk of failure)!
Continue anyway?
You miscast Spider Form.
You are very lightly contaminated with residual magic.
Nothing appears to happen.
The adder hisses angrily.
Casting: Spider Form (quite dangerous; 24% risk of failure)
Confirm with . or Enter, or press ? or * to list all spells.
The spell is quite dangerous to miscast (24% risk of failure)!
Continue anyway? [Y]es or [N]o only, please.
The spell is quite dangerous to miscast (24% risk of failure)!
Continue anyway?
You turn into a venomous arachnid creature.
Ijyb zaps a wand.
The bolt of acid hits you! The acid corrodes you!
Ijyb zaps a wand.
The bolt of acid hits you!!
Ouch! That really hurt!
* * * LOW HITPOINT WARNING * * *
The acid corrodes you! Ijyb barely misses you.
You hit Ijyb.
Ijyb is poisoned.
Ijyb is lightly wounded.
Ijyb completely misses you.
It was a potion of invisibility.
You fade into invisibility!
Ijyb barely misses you.
You barely miss Ijyb.
Ijyb is lightly wounded.
Your transformation is almost over.
The adder misses you. Ijyb misses you.
You hit Ijyb but do no damage.
Ijyb looks as sick as possible!
Ijyb is lightly wounded.
The adder closely misses you. Ijyb completely misses you.
You hit Ijyb but do no damage.
Ijyb looks as sick as possible!
Ijyb is lightly wounded.
The adder barely misses you. Ijyb hits you with a +0 dagger.
You die...

####### #.##.##.# #
....# ...# #.......#
# ....# #. #..#
#.##.####### ##### #.
.... ............ #.
...# ######## #S #.!#
# #### #. #..# ...#
#. #.g# ##.# #
#.####.##s.# #.#.#
........S..# ##.#.#
#..........# .....#
#######.#### ##†###
#.# #..## #.# ##...##
#># #.....###### #.#
........)..###.######


You could see Ijyb (can't see you, extremely poisoned) and an adder (can't see
you).

Vanquished Creatures
  A jelly (D:2)
  Terence (D:3)
  2 orc wizards (D:3)
  4 adders (D:2)
  A worm (D:2)
  2 dart slugs
  4 orcs (D:3)
  6 ball pythons
  7 endoplasms
  3 giant cockroaches
  3 goblins
  3 hobgoblins
  4 jackals
  A quokka (D:1)
  6 bats
  A frilled lizard (D:1)
  12 kobolds
  4 rats (D:1)
65 creatures vanquished.

Vanquished Creatures (others)
  7 toadstools (D:2)
7 creatures vanquished.

Grand Total: 72 creatures vanquished

Notes
Turn   | Place    | Note
-------+----------+-------------------------------------------
     0 | D:1      | kae the Draconian Transmuter began the quest for the Orb.
     0 | D:1      | Reached XP level 1. HP: 16/16 MP: 3/3
   168 | D:1      | Reached XP level 2. HP: 21/23 MP: 3/5
   724 | D:1      | Reached XP level 3. HP: 28/28 MP: 4/6
   730 | D:1      | Learned a level 3 spell: Spider Form
  1700 | D:2      | Reached XP level 4. HP: 35/35 MP: 5/7
  1708 | D:2      | Reached skill level 1 in Poison Magic
  1764 | D:2      | Found a faded altar of an unknown god.
  2102 | D:2      | Gained mutation: You have large cloven feet. [potion of
                  | mutation]
  2102 | D:2      | Gained mutation: You expend magic power (3 MP) to
                  | strengthen your wands. [potion of mutation]
  2102 | D:2      | Gained mutation: You possess an exceptional clarity of
                  | mind. [potion of mutation]
  2106 | D:2      | HP: 2/52 [acid (1)]
  2986 | D:3      | Noticed Terence
  3000 | D:3      | Killed Terence
  3001 | D:3      | Reached XP level 5. HP: 41/41 MP: 4/8
  3003 | D:3      | Reached skill level 4 in Unarmed Combat
  3398 | D:3      | Noticed Ijyb
  3402 | D:3      | HP: 1/41 [Ijyb/bolt of acid (34)]
  3408 | D:3      | Slain by Ijyb

Illustrated notes

Levels and vault maps discovered:
D:1:      nicolae_arrival_washed_ashore, layout_basic
D:2:      cheibrodos_fertilizer, layout_loops_ring,
          shapermc_ecumenical_altar_venn
D:3:      layout_loops_ring, lemuel_round_altar, minmay_misc_feat_room,
          uniq_ijyb, uniq_terence

Skill      XL: |  1  2  3  4  5 |
---------------+----------------+-----
Dodging        | 2 |  2.5
Poison Magic   | 1 2 |  2.0
Transmutations | 3 |  3.2
Unarmed Combat | 4 |  4.1
Fighting       | 2 |  2.1
Spellcasting   | |  2.5

Action                   |  1- 3 |  4- 6 || total
-------------------------+-------+-------++-------
Melee: Unarmed           |    92 |   103 ||   195
       Kick              |    19 |     9 ||    28
       Headbutt          |    10 |     6 ||    16
       Tailslap          |     8 |     1 ||     9
       Punch             |     1 |     1 ||     2
 Cast: Beastly Appendage |    26 |    10 ||    36
       Spider Form       |       |     4 ||     4
  Use: Potion            |       |     7 ||     7
       Scroll            |       |     5 ||     5
Armor: Skin              |    44 |    37 ||    81
Dodge: Dodged            |    60 |    57 ||   117

Table legend: (Time is in decaauts)
 A = Elapsed time spent in this place.
 B = Non-inter-level travel time spent in this place.
 C = Inter-level travel time spent in this place.
 D = Time resting spent in this place.
 E = Time spent auto-exploring this place.
 F = Levels seen in this place.
 G = Mean time per level.
                   A        B        C        D        E       F      G
               +--------+--------+--------+--------+--------+-----+--------+
         Total |   3378 |   3340 |     38 |    763 |   2058 |   3 | 1126.0 |
       Dungeon |   3378 |   3340 |     38 |    763 |   2058 |   3 | 1126.0 |
               +--------+--------+--------+--------+--------+-----+--------+

Top non-repeatable levels by time:
     D:2: 1528 daAuts
     D:1: 1194 daAuts
     D:3: 655 daAuts
